 Dungeon Crawl Stone Soup version 0.31-a0-965-g8a8ce12e04 (webtiles) character file.

Game seed: 9863778084029511457

188 sammy202020 the Trooper (level 5, 0/34 HPs)
             Began as a Gargoyle Berserker on Oct 26, 2023.
             Was a Believer of Trog.
             Slain by an orc
             ... wielding a +0 mace
              (1 damage)
             ... on level 4 of the Dungeon.
             The game lasted 00:04:07 (2602 turns).

sammy202020 the Trooper (Gargoyle Berserker)        Turns: 2602, Time: 00:04:08

Health: 0/34       AC: 16    Str: 21    XL:     5   Next: 67%
Magic:  5/5        EV: 11    Int:  9    God:    Trog [**....]
Gold:   172        SH:  0    Dex:  9    Spells: 4/4 levels left

rFire   . . .        a - +1 mace
rCold   . . .        (no shield)
rNeg    + . .        e - +0 plate armour
rPois   ∞            (no helmet)
rElec   +            g - +0 cloak
rCorr   .            (no gloves)
SInv    .            (no boots)
Will    .....        (no amulet) Stlth
                     i - +5 ring of evasion
HPRegen 0.25/turn    (no ring)
MPRegen 0.09/turn

%: no passive effects
@: on berserk cooldown, slowed, very slow
A: sickness immunity, AC +4, negative energy resistance 1, electricity
resistance, torment resistance 1, petrification resistance
a: Renounce Religion, Berserk, Trog's Hand


You were on level 4 of the Dungeon.
You worshipped Trog.
Trog was pleased with you.
You visited 1 branch of the dungeon, and saw 4 of its levels.

You collected 172 gold pieces.

Inventory:

Hand Weapons
 a - a +1 mace (weapon)
 f - a +0 flail
Missiles
 b - 2 javelins
Armour
 e - a +0 plate armour (worn)
 g - a +0 cloak (worn)
Jewellery
 i - a +5 ring of evasion (left hand)
Scrolls
 d - a scroll of teleportation
 h - 3 scrolls of identify
Potions
 c - a potion of heal wounds {unknown}
 j - a potion of curing {unknown}


   Skills:
 * Level 4.6 Fighting
 * Level 4.0 Maces & Flails
 * Level 3.7 Armour
 + Level 2.3 Dodging


You had 4 spell levels left.
You didn't know any spells.
Your spell library was empty.

Dungeon Overview and Level Annotations

Branches:
Dungeon (4/15)
 Temple: D:4-7

Altars:
Uskayaw
Xom
The Shining One

Shops:
D:1 *   D:2 *


Innate Abilities, Weirdness & Mutations

You are immune to sickness and miasma.
Your stone body is resilient. (AC +4)
You are immune to poison.
You resist negative energy. (rN+)
You are resistant to electric shocks. (rElec)
You are resistant to unholy torment.
You are immune to petrification.


Message History

a +0 whip; an orc corpse
Found a stone staircase leading down.
You feel a strong urge to attack something.
You sock the orc priest!
The orc priest is almost dead.
The orc priest closely misses you.
The orc priest calls upon Beogh to heal the orc priest.
The orc priest is healed somewhat.
You sock the orc priest!
You kill the orc priest!
Trog accepts your kill.
Your Maces & Flails skill increases to level 4!
You hit something.
You hear some strange, mumbled words.
You are confused.
The orc priest hits you with a +0 morningstar.
The orc barely misses you.
You are no longer berserk.
You are exhausted.
You feel yourself slow down.
You hit the orc.
The orc is almost dead.
The orc priest invokes the aid of Beogh against you.
Something writhes in agony.
The orc priest calls upon Beogh to heal the orc.
The orc is healed somewhat.
The orc closely misses you. Something hits you.
The orc priest calls down the wrath of Beogh upon you.
Something writhes in agony.
You feel less confused.
You hit something. The orc priest closely misses you.
Something hits you but does no damage.
You barely miss something.
The orc priest invokes the aid of Beogh against you.
Beogh smites you!
* * * LOW HITPOINT WARNING * * *
Something hits you but does no damage. The orc misses you.
The orc priest hits you with a +0 morningstar.
* * * LOW HITPOINT WARNING * * *
Something hits you but does no damage. The orc hits you with a +0 mace.
You die...

#..# .....#.##.
#...##....#....
.....#........<.
#.##...........
#............ .#
......)...# ... ..........#
..[# ##...
......o)o####$..# .#...
.......@.##...... ....
###.#.............. ....
##.#.##..............
...###....................
..........................
##........##..............
#.........##...##.....##...
.....).....#...###..!.# ..
.....).........###..### ...


You could see an orc priest and an orc.

Vanquished Creatures
  Crazy Yiuf (D:2)
  2 orc priests (D:4)
  4 adders
  A worm (D:2)
  4 orcs (D:3)
  5 ball pythons
  3 endoplasms (D:1)
  3 giant cockroaches
  6 goblins
  5 hobgoblins
  A quokka (D:3)
  3 bats (D:1)
  5 frilled lizards
  10 kobolds
  5 rats
58 creatures vanquished.

Notes
Turn   | Place    | Note
-------+----------+-------------------------------------------
     0 | D:1      | sammy202020 the Gargoyle Berserker began the quest for the
                  | Orb.
     0 | D:1      | Reached XP level 1. HP: 14/14 MP: 1/1
   332 | D:1      | Reached XP level 2. HP: 19/19 MP: 2/2
   476 | D:1      | Found Ilischomoe's General Store.
   881 | D:1      | HP: 1/30 [hobgoblin (3)]
   887 | D:1      | Reached XP level 3. HP: 2/24 MP: 3/3
  1153 | D:1      | Found a hide-covered altar of Uskayaw.
  1391 | D:2      | Found Feak's Assorted Antiques.
  1416 | D:2      | Found a shimmering altar of Xom.
  1641 | D:2      | Found a runed translucent door.
  1642 | D:2      | Noticed Crazy Yiuf
  1649 | D:2      | Killed Crazy Yiuf
  1650 | D:2      | Reached XP level 4. HP: 29/29 MP: 4/4
  2503 | D:4      | Reached ** piety under Trog
  2504 | D:4      | Reached XP level 5. HP: 33/33 MP: 5/5
  2545 | D:4      | Found a glowing golden altar of the Shining One.
  2602 | D:4      | HP: 1/34 [orc priest/+0 morningstar (3)]
  2602 | D:4      | Slain by an orc

Illustrated notes

Levels and vault maps discovered:
D:1:      dpeg_arrival_water_altar, layout_basic, serial_shops, shop
D:2:      layout_rooms, serial_shops, shop, basic_altar, minmay_misc_feat_iff,
          uniq_crazy_yiuf_cottage
D:3:      layout_loops_cross
D:4:      layout_cave_pools, mainiacjoe_overflow_alcove_1, dk_xom_monty_hall

Skill      XL: |  1  2  3  4  5 |
---------------+----------------+-----
Armour         | 3 |  3.7
Fighting       | 4 |  4.6
Dodging        | 2 |  2.3
Maces & Flails | 4 |  4.0

Action                     |  1- 3 |  4- 6 || total
---------------------------+-------+-------++-------
  Melee: Mace              |   104 |    92 ||   196
         Punch             |       |     1 ||     1
 Invoke: Berserk           |     2 |     1 ||     3
    Use: Scroll            |     4 |     4 ||     8
 Armour: Animal skin       |    59 |       ||    59
         Scale mail        |    15 |       ||    15
         Plate armour      |     2 |    76 ||    78
  Dodge: Dodged            |    89 |    35 ||   124

Table legend: (Time is in decaauts)
 A = Elapsed time spent in this place.
 B = Non-inter-level travel time spent in this place.
 C = Inter-level travel time spent in this place.
 D = Time resting spent in this place.
 E = Time spent auto-exploring this place.
 F = Levels seen in this place.
 G = Mean time per level.
                   A        B        C        D        E       F      G
               +--------+--------+--------+--------+--------+-----+--------+
         Total |   2666 |   2610 |     56 |    421 |   1599 |   4 |  666.5 |
       Dungeon |   2666 |   2610 |     56 |    421 |   1599 |   4 |  666.5 |
               +--------+--------+--------+--------+--------+-----+--------+

Top non-repeatable levels by time:
     D:1: 1267 daAuts
     D:3: 666 daAuts
     D:2: 626 daAuts
     D:4: 106 daAuts
